 Dungeon Crawl Stone Soup version 0.29.1-2-gbd0b4ee654 (webtiles) character file.

Game seed: 7127467457226118962

3020 mcbry74 the Spear-Bearer (level 9, -11/63 HPs)
             Began as a Merfolk Gladiator on Nov 21, 2022.
             Was a Follower of the Shining One.
             Mangled by a death yak (15 damage)
             ... on level 7 of the Dungeon on Nov 22, 2022.
             The game lasted 00:29:18 (9280 turns).

mcbry74 the Spear-Bearer (Merfolk Gladiator)        Turns: 9280, Time: 00:29:19

Health: -11/63     AC:  9    Str: 17    XL:     9   Next: 85%
Magic:  9/9        EV: 15    Int:  9    God:    the Shining One [*.....]
Gold:   476        SH:  0    Dex: 15    Spells: 8/8 levels left

rFire   . . .      SeeInvis .   E - +1 spear (venom)
rCold   . . .      Faith    .   (no shield)
rNeg    . . .      Spirit   .   s - +0 ring mail {Will+}
rPois   .          Reflect  .   c - +0 helmet
rElec   .          Harm     .   (no cloak)
rCorr   .          Rampage  .   (no gloves)
Will    +....                   D - +2 pair of boots
Stlth   +.........              (no amulet)
HPRegen 0.20/turn               (no ring)
MPRegen 0.11/turn               (no ring)

@: glowing
A: (nimble swimmer 2), mertail
a: Renounce Religion, Divine Shield


You were on level 7 of the Dungeon.
You worshipped the Shining One.
The Shining One was aware of your devotion.
You visited 2 branches of the dungeon, and saw 9 of its levels.
You also visited: Bailey.

You collected 476 gold pieces.

Inventory:

Hand Weapons
 a - a +0 trident
 E - a +1 spear of venom (weapon)
 H - a +0 dagger
 I - the +3 dagger of Xom's Felicitations {venom, rElec}
   (You found it on level 7 of the Dungeon)

   It poisons the flesh of those it strikes.
   rElec:     It insulates you from electricity.
Missiles
 e - a javelin (quivered)
 p - 25 stones
 y - 6 poisoned darts
Armour
 b - a +0 leather armour
 c - a +0 helmet (worn)
 d - a +1 tower shield of fire resistance
 s - a +0 ring mail of willpower (worn)
 D - a +2 pair of boots (worn)
 J - a +2 scale mail of fire resistance
 K - a +2 plate armour of willpower
Jewellery
 f - a ring of willpower
 B - a +6 ring of dexterity
 C - a ring of wizardry
Scrolls
 i - a scroll of torment {unknown}
 k - 3 scrolls of teleportation
 m - 2 scrolls of immolation
 q - a scroll of vulnerability {unknown}
 t - 2 scrolls of brand weapon
 u - a scroll of magic mapping
 x - 3 scrolls of enchant armour
 F - 2 scrolls of poison
 G - a scroll of noise {unknown}
 L - a scroll of butterflies {unknown}
Potions
 g - 3 potions of curing
 h - a potion of ambrosia {unknown}
 j - 3 potions of lignification {unknown}
 n - 2 potions of magic {unknown}
 o - 3 potions of heal wounds {unknown}
 r - a potion of attraction {unknown}
 v - a potion of mutation {unknown}
 w - a potion of resistance {unknown}
 z - a potion of cancellation {unknown}
 A - 2 potions of might {unknown}


   Skills:
 - Level 3.0 Fighting
 * Level 12.3 Polearms
 + Level 6.6 Throwing
 + Level 2.2 Armour
 - Level 9.0 Dodging
 + Level 1.2 Shields
 + Level 1.4 Transmutations


You had 8 spell levels left.
You didn't know any spells.
Your spell library contained the following spells:

 Spells                   Type           Power      Damage    Failure   Level
 Wereblood                Tmut           2%         N/A       52%         2
 Sandblast                Erth           0%         2d4       58%         1
 Slow                     Hex            0%         N/A       58%         1
 Passwall                 Tmut/Erth      0%         N/A       63%         2
 Sublimation of Blood     Necr           0%         N/A       73%         2
 Gell's Gravitas          Tloc           0%         N/A       91%         3
 Stone Arrow              Conj/Erth      0%         3d7       91%         3
 Cause Fear               Hex            0%         N/A       100%        4
 Summon Ice Beast         Ice/Summ       0%         N/A       100%        4
 Summon Forest            Summ/Tloc      0%         N/A       100%        5
 Summon Mana Viper        Hex/Summ       0%         N/A       100%        5
 Dispersal                Tloc           0%         N/A       100%        6
 Monstrous Menagerie      Summ           0%         N/A       100%        7
 Summon Hydra             Summ           0%         N/A       100%        7


Dungeon Overview and Level Annotations

Branches:
Dungeon (8/15)             Temple (1/1) D:5          Bailey (visited)
   Lair: D:8-11

Altars:
Cheibriados
Dithmenos
Fedhas
Gozag
Kikubaaqudgha
Makhleb
Nemelex Xobeh
Okawaru
Wu Jian
The Shining One


Innate Abilities, Weirdness & Mutations

((You are very nimble when in or above water. (Stealth+, EV+, Speed+++)))
Your lower body shifts to a powerful aquatic tail in water.


Message History

You climb downwards.
The death yak gores you. The orc hits you but does no damage.
There is a stone staircase leading up here.
The orc barely misses you. The death yak gores you.
You climb upwards.
There is a stone staircase leading down here.
You hit the death yak.
The death yak is poisoned.
The death yak is lightly wounded.
The orc hits you with a +0 dagger. The death yak gores you!
You hit the death yak but do no damage.
The death yak looks as sick as possible!
The death yak is lightly wounded.
You hit the death yak but do no damage.
The death yak looks as sick as possible!
You punch the death yak, but do no damage.
The death yak is lightly wounded.
The orc barely misses you. The death yak gores you!! The orc barely misses you.
Things that are here:
a +0 flail; an orc corpse You barely miss the orc.
You hit the orc.
The orc is poisoned.
The orc is lightly wounded.
The orc hits you but does no damage. The death yak misses you.
You kill the orc!
The death yak attacks as you move away! The death yak closely misses you.
You hit the death yak but do no damage.
The death yak is lightly wounded.
You hit the death yak.
The death yak looks as sick as possible!
The death yak is lightly wounded.
The death yak gores you!
* * * LOW HITPOINT WARNING * * *
The death yak attacks as you move away!
The death yak gores you but does no damage.
The death yak attacks as you move away! The death yak barely misses you.
The death yak attacks as you move away! The death yak gores you!
* * * LOW HITPOINT WARNING * * *
The death yak attacks as you move away! The death yak gores you!
You die...

.....#....######........##
#...##................#..#
......................#..#
......[.....######...###.#
.##..>)...### ##..## #.##
###...)....# #..## ##.# #
#.....#..### #..# #.#
##....###..####.### #.##
#...## ##..##@...######.#
#....##
###.Y###........###
#####.# #.#.# #######....#
### ##### ######


You could see a death yak (extremely poisoned).

Vanquished Creatures
  Pikel (D:7)
  2 orc knights (Bailey)
  A sky beast (D:7)
  A water moccasin (D:6)
  An ice beast (D:5)
  3 orc warriors (Bailey)
  A black bear (D:7)
  A centaur (D:6)
  A phantom (D:7)
  2 bullfrogs (D:7)
  A kobold brigand (D:6)
  A necrophage (D:5)
  2 howler monkeys
  5 hounds
  A gnoll bouda (D:6)
  A jelly (D:4)
  2 orc priests (D:7)
  4 orc wizards
  6 gnolls (D:6)
  3 adders
  A white imp (D:7)
  A worm (D:2)
  2 dart slugs
  27 orcs
  6 endoplasms
  4 giant cockroaches
  6 goblins
  7 hobgoblins
  11 kobolds
  3 quokkas
  9 ball pythons
  6 bats
  4 frilled lizards
  2 rats
129 creatures vanquished.

Vanquished Creatures (others)
  An orc (D:6)
1 creature vanquished.

Grand Total: 130 creatures vanquished

Notes
Turn   | Place    | Note
-------+----------+-------------------------------------------
     0 | D:1      | mcbry74 the Merfolk Gladiator began the quest for the Orb.
     0 | D:1      | Reached XP level 1. HP: 16/16 MP: 1/1
   289 | D:1      | Reached XP level 2. HP: 23/23 MP: 2/2
  1127 | D:2      | Reached XP level 3. HP: 26/28 MP: 3/3
  2002 | D:3      | Reached skill level 5 in Polearms
  2356 | D:3      | Reached XP level 4. HP: 32/34 MP: 4/4
  2433 | D:3      | Got the Parchment of Beguiling and Orientation
  3153 | D:4      | Reached XP level 5. HP: 26/41 MP: 5/5
  3344 | D:4      | Reached skill level 5 in Dodging
  3928 | D:5      | Entered Level 5 of the Dungeon
  3982 | D:5      | Reached skill level 6 in Polearms
  4007 | D:5      | Reached skill level 1 in Armour
  4007 | D:5      | Reached XP level 6. HP: 29/47 MP: 6/6
  4285 | D:5      | Found a staircase to the Ecumenical Temple.
  4297 | Temple   | Entered the Ecumenical Temple
  4313 | Temple   | Became a worshipper of the Shining One
  4372 | D:5      | Noticed an ice beast
  4389 | D:5      | Killed an ice beast
  5161 | D:6      | Reached skill level 7 in Polearms
  5365 | D:6      | Reached XP level 7. HP: 52/52 MP: 7/7
  6281 | D:6      | Reached skill level 8 in Polearms
  6440 | D:6      | Reached XP level 8. HP: 57/58 MP: 8/8
  6509 | D:7      | Identified the +3 dagger of Xom's Felicitations {venom,
                  | rElec}
  6515 | D:7      | Found a flagged portal.
  6525 | Bailey   | Entered a bailey
  6626 | Bailey   | Noticed an orc knight
  6626 | Bailey   | Noticed an orc knight
  6855 | Bailey   | Reached skill level 9 in Polearms
  6985 | Bailey   | Killed an orc knight
  6986 | Bailey   | Reached skill level 10 in Polearms
  6986 | Bailey   | Reached skill level 5 in Throwing
  7234 | Bailey   | Killed an orc knight
  7235 | Bailey   | Reached skill level 11 in Polearms
  7235 | Bailey   | Reached XP level 9. HP: 63/63 MP: 9/9
  7546 | D:7      | Reached * piety under the Shining One
  7835 | D:7      | Noticed Pikel
  7848 | D:7      | Killed Pikel
  7849 | D:7      | Reached skill level 12 in Polearms
  8148 | D:7      | Reached skill level 1 in Transmutations
  8175 | D:7      | Found an ornate altar of the Wu Jian Council.
  8766 | D:7      | Found a blossoming altar of Fedhas.
  9107 | D:8      | Noticed a death yak
  9118 | D:7      | Reached skill level 1 in Shields
  9280 | D:7      | Mangled by a death yak

Illustrated notes

Levels and vault maps discovered:
D:1:      heliophobic_arrival_glass_houses, layout_loops_cross
D:2:      layout_basic
D:3:      layout_basic, minivault_23, minmay_tree_intersection
D:4:      layout_loops_ring
D:5:      layout_basic, minmay_temple_entry_stoned_glass, nicolae_titane
D:6:      layout_basic
D:7:      layout_layer_cave, mainiacjoe_overflow_catch_the_wave, enter_bailey_2,
          nicolae_zen_rock_garden, uniq_pikel
D:8:      layout_loops_ring, lemuel_zombie_altar_yredelemnul,
          dpeg_lair_monsters, ebering_ghost_reflecting_pool, hex_large,
          uniq_prince_ribbit1, uniq_amaemon
Temple:   nicolae_temple_bog_church

Skill      XL: |  1  2  3  4  5  6  7  8  9 |
---------------+----------------------------+-----
Polearms       | 5 6 7 8 11 12 | 12.3
Fighting       | 3 |  3.0
Dodging        | 5 6 8 9 |  9.0
Throwing       | 3 4 5 6 |  6.6
Armour         | 1 2 |  2.2
Transmutations | 1 |  1.4
Shields        | 1 |  1.2

Action                   |  1- 3 |  4- 6 |  7- 9 || total
-------------------------+-------+-------+-------++-------
Melee: Trident           |   149 |   125 |       ||   274
       Punch             |       |     1 |     2 ||     3
       Spear             |       |     3 |   289 ||   292
Throw: Stone             |     5 |    12 |     2 ||    19
       Dart              |       |       |    22 ||    22
       Throwing net      |       |       |     4 ||     4
       Javelin           |       |       |     1 ||     1
  Use: Scroll            |       |     2 |     7 ||     9
 Stab: Sleeping          |     5 |       |       ||     5
Armor: Leather armour    |    28 |       |       ||    28
       Ring mail         |       |    29 |    54 ||    83
Dodge: Dodged            |    61 |    64 |   123 ||   248
